TOP OF THE 1ST |
University of Arizona Wildcats batting - Pitching for University of Toronto Marlies : RHP Jerry Pozos
|
Pitching: RHP Jerry Pozos
|
|
Batting: LHB Jere Paatelainen
|
0-0: Called Strike 0-1: Called Strike 0-2: Strikes out swinging
|
Batting: RHB Eddy Amaya
|
0-0: Fly out, F7 (Flyball, 78M, EV 86.9 MPH)
|
Batting: LHB Gerald Thornton
|
0-0: Called Strike 0-1: Swinging Strike 0-2: Ball 1-2: Foul Ball, location: 2F 1-2: Strikes out swinging
|
Top of the 1st over - 0 runs, 0 hits, 0 errors, 0 left on base; University of Arizona 0 - University of Toronto 0 |
BOTTOM OF THE 1ST |
University of Toronto Marlies batting - Pitching for University of Arizona Wildcats : RHP Steve Wiest
|
Pitching: RHP Steve Wiest
|
|
Batting: RHB Charlie Townend
|
0-0: Foul Ball, location: 2F 0-1: Swinging Strike 0-2: Ball 1-2: Ground out 4-3 (Groundball, 4M, EV 110.0 MPH)
|
Batting: LHB Mitch Melton
|
0-0: SINGLE (Groundball, 4D, EV 96.2 MPH)
|
Batting: RHB Aaron Knight
|
0-0: Called Strike 0-1: Ball 1-1: Foul Ball, location: 2F 1-2: Ball 2-2: Ball 3-2: Foul Ball, location: 2F 3-2: Foul Ball, location: 2F 3-2: Grounds into double play, 5-4-3 (Groundball, 56, EV 85.0 MPH)
|
Bottom of the 1st over - 0 runs, 1 hit, 0 errors, 0 left on base; University of Arizona 0 - University of Toronto 0 |
TOP OF THE 2ND |
University of Arizona Wildcats batting - Pitching for University of Toronto Marlies : RHP Jerry Pozos
|
Batting: RHB Ricardo Fernandez
|
0-0: Ball 1-0: Swinging Strike 1-1: SINGLE (Line Drive, 78M, EV 101.9 MPH)
|
Batting: RHB Ron Dondale
|
0-0: Fly out, F9 (Flyball, 9D, EV 86.2 MPH)
|
Batting: LHB Pascal Noël
|
0-0: Ball 1-0: Foul Ball, location: 2F 1-1: Ball 2-1: Foul Ball, location: 2F 2-2: Ball 3-2: Strikes out swinging
|
Batting: RHB Mark Walters
|
0-0: Swinging Strike 0-1: Ball 1-1: Swinging Strike 1-2: Foul Ball, location: 2F 1-2: Ground out 1-3 (Groundball, 25, EV 64.4 MPH)
|
Top of the 2nd over - 0 runs, 1 hit, 0 errors, 1 left on base; University of Arizona 0 - University of Toronto 0 |
BOTTOM OF THE 2ND |
University of Toronto Marlies batting - Pitching for University of Arizona Wildcats : RHP Steve Wiest
|
Batting: RHB Todd Maybury
|
0-0: Ball 1-0: Called Strike 1-1: SOLO HOME RUN (Flyball, 7D, EV 96.9 MPH), Distance : 370 ft
|
Batting: RHB Konrad van Pelt
|
0-0: Ground out 6-3 (Groundball, 56, EV 90.0 MPH)
|
Batting: RHB Steve Campeau
|
0-0: Called Strike 0-1: Foul Ball, location: 2F 0-2: Fly out, F7 (Flyball, 7, EV 82.5 MPH)
|
Batting: RHB Luke Stannard
|
0-0: Swinging Strike 0-1: Ball 1-1: Ground out 5-3 (Groundball, 56, EV 83.8 MPH)
|
Bottom of the 2nd over - 1 run, 1 hit, 0 errors, 0 left on base; University of Arizona 0 - University of Toronto 1 |
TOP OF THE 3RD |
University of Arizona Wildcats batting - Pitching for University of Toronto Marlies : RHP Jerry Pozos
|
Batting: SHB Pat Kidd
|
0-0: Ball 1-0: Foul Ball, location: 2F 1-1: Fly out, F8 (Flyball, 8LM, EV 88.8 MPH)
|
Batting: RHB Carlos Maravilla
|
0-0: Ball 1-0: Called Strike 1-1: Ground out 6-3 (Groundball, 6MS, EV 83.1 MPH)
|
Batting: LHB Jere Paatelainen
|
0-0: Fly out, F2 (Popup, 15S, EV 88.1 MPH)
|
Top of the 3rd over - 0 runs, 0 hits, 0 errors, 0 left on base; University of Arizona 0 - University of Toronto 1 |
BOTTOM OF THE 3RD |
University of Toronto Marlies batting - Pitching for University of Arizona Wildcats : RHP Steve Wiest
|
Batting: SHB Jake Seymour
|
0-0: Ball 1-0: Called Strike 1-1: Swinging Strike 1-2: Foul Ball, location: 2F 1-2: Foul Ball, location: 2F 1-2: Strikes out swinging
|
Batting: RHB John Wilson
|
0-0: Swinging Strike 0-1: Ball 1-1: Called Strike 1-2: Ball 2-2: Ball 3-2: Foul Ball, location: 2F 3-2: Base on Balls
|
Batting: RHB Charlie Townend
|
0-0: Called Strike 0-1: Ball Wild Pitch! John Wilson to second 1-1: Swinging Strike 1-2: Foul Ball, location: 2F 1-2: Fly out, F8 (Line Drive, 8RS, EV 112.5 MPH)
|
Batting: LHB Mitch Melton
|
0-0: Ball 1-0: Foul Ball, location: 2F 1-1: Ball 2-1: Foul Ball, location: 2F 2-2: Foul Ball, location: 2F 2-2: Strikes out looking
|
Bottom of the 3rd over - 0 runs, 0 hits, 0 errors, 1 left on base; University of Arizona 0 - University of Toronto 1 |
TOP OF THE 4TH |
University of Arizona Wildcats batting - Pitching for University of Toronto Marlies : RHP Jerry Pozos
|
Batting: RHB Eddy Amaya
|
0-0: Ball 1-0: Called Strike 1-1: Called Strike 1-2: Ball 2-2: Foul Ball, location: 2F 2-2: Foul Ball, location: 2F 2-2: Ball 3-2: Reached on error, E5 (Groundball, 56, EV 86.9 MPH)
|
Batting: LHB Gerald Thornton
|
0-0: Swinging Strike 0-1: Called Strike 0-2: Ball 1-2: Strikes out looking
|
Batting: RHB Ricardo Fernandez
|
0-0: Ball 1-0: SINGLE (Line Drive, 4MD, EV 103.8 MPH) Eddy Amaya to second
|
Batting: RHB Ron Dondale
|
0-0: SINGLE (Groundball, 56D, EV 110.0 MPH) Eddy Amaya to third Ricardo Fernandez to second Runner from 3rd tries for Home, SAFE, throw by LF to home
|
Batting: LHB Pascal Noël
|
0-0: Ball Passed Ball! Ricardo Fernandez to third Ron Dondale to second 1-0: Called Strike 1-1: Foul Ball, location: 2F 1-2: Strikes out swinging
|
Batting: RHB Mark Walters
|
0-0: Called Strike 0-1: Foul Ball, location: 2F 0-2: Strikes out swinging
|
Top of the 4th over - 1 run, 2 hits, 1 error, 2 left on base; University of Arizona 1 - University of Toronto 1 |
BOTTOM OF THE 4TH |
University of Toronto Marlies batting - Pitching for University of Arizona Wildcats : RHP Steve Wiest
|
Batting: RHB Aaron Knight
|
0-0: Called Strike 0-1: DOUBLE (Line Drive, 7LM, EV 105.0 MPH)
|
Batting: RHB Todd Maybury
|
0-0: Ball 1-0: Swinging Strike 1-1: Foul Ball, location: 2F 1-2: Strikes out looking
|
Batting: RHB Konrad van Pelt
|
0-0: Ground out 6-3 (Groundball, 56D, EV 83.1 MPH)
|
Batting: RHB Steve Campeau
|
0-0: SINGLE (Flyball, 8LS, EV 88.8 MPH) Aaron Knight to third Runner from 3rd tries for Home, throw by CF and OUT! 8-2
|
Bottom of the 4th over - 0 runs, 2 hits, 0 errors, 1 left on base; University of Arizona 1 - University of Toronto 1 |
TOP OF THE 5TH |
University of Arizona Wildcats batting - Pitching for University of Toronto Marlies : RHP Jerry Pozos
|
Batting: SHB Pat Kidd
|
0-0: Foul Ball, location: 2F 0-1: Fly out, F7 (Flyball, 7LM, EV 98.1 MPH)
|
Batting: RHB Carlos Maravilla
|
0-0: Ball 1-0: Foul Ball, location: 2F 1-1: Ball 2-1: Foul Ball, location: 2F 2-2: Strikes out swinging
|
Batting: LHB Jere Paatelainen
|
0-0: Called Strike 0-1: Foul Ball, location: 2F 0-2: Ball 1-2: Foul Ball, location: 2F 1-2: Fly out, F7 (Flyball, 78M, EV 83.8 MPH)
|
Top of the 5th over - 0 runs, 0 hits, 0 errors, 0 left on base; University of Arizona 1 - University of Toronto 1 |
BOTTOM OF THE 5TH |
University of Toronto Marlies batting - Pitching for University of Arizona Wildcats : RHP Steve Wiest
|
Batting: RHB Luke Stannard
|
0-0: Ground out 6-3 (Groundball, 6, EV 100.6 MPH)
|
Batting: SHB Jake Seymour
|
0-0: Ball 1-0: Ball 2-0: Foul Ball, location: 2F 2-1: Called Strike 2-2: Strikes out swinging
|
Batting: RHB John Wilson
|
0-0: Ball 1-0: Swinging Strike 1-1: DOUBLE (Groundball, 5L, EV 102.5 MPH)
|
Batting: RHB Charlie Townend
|
0-0: Ball 1-0: Ball 2-0: Called Strike 2-1: Called Strike 2-2: Strikes out swinging
|
Bottom of the 5th over - 0 runs, 1 hit, 0 errors, 1 left on base; University of Arizona 1 - University of Toronto 1 |
TOP OF THE 6TH |
University of Arizona Wildcats batting - Pitching for University of Toronto Marlies : RHP Jerry Pozos
|
Batting: RHB Eddy Amaya
|
0-0: Swinging Strike 0-1: Swinging Strike 0-2: Fly out, F8 (Flyball, 8RD, EV 102.5 MPH)
|
Batting: LHB Gerald Thornton
|
0-0: Ball 1-0: Foul Ball, location: 2LF, Error on foul ball, E2 1-1: Fly out, F7 (Line Drive, 7LS, EV 95.0 MPH)
|
Batting: RHB Ricardo Fernandez
|
0-0: Ball 1-0: SINGLE (Groundball, 56D, EV 96.9 MPH)
|
Batting: RHB Ron Dondale
|
0-0: Called Strike 0-1: Swinging Strike 0-2: Ball 1-2: Foul Ball, location: 2F 1-2: Foul Ball, location: 2F 1-2: Foul Ball, location: 2F 1-2: Foul Ball, location: 2F 1-2: Ball 2-2: Strikes out swinging
|
Top of the 6th over - 0 runs, 1 hit, 1 error, 1 left on base; University of Arizona 1 - University of Toronto 1 |
BOTTOM OF THE 6TH |
University of Toronto Marlies batting - Pitching for University of Arizona Wildcats : RHP Steve Wiest
|
Batting: LHB Mitch Melton
|
0-0: Ball 1-0: Called Strike 1-1: Ball 2-1: Ball 3-1: Base on Balls
|
Pitching: LHP Victor Silva
|
|
Batting: RHB Aaron Knight
|
0-0: Ball 1-0: Ground out U3 (Groundball, 3S, EV 68.1 MPH) Mitch Melton to second
|
Batting: RHB Todd Maybury
|
0-0: Foul Ball, location: 2F 0-1: Ball 1-1: Fly out, F8 (Flyball, 89M, EV 90.0 MPH)
|
Batting: RHB Konrad van Pelt
|
0-0: Foul Ball, location: 2F 0-1: Ball 1-1: Foul Ball, location: 2F 1-2: Strikes out swinging
|
Bottom of the 6th over - 0 runs, 0 hits, 0 errors, 1 left on base; University of Arizona 1 - University of Toronto 1 |
TOP OF THE 7TH |
University of Arizona Wildcats batting - Pitching for University of Toronto Marlies : RHP Jerry Pozos
|
Batting: LHB Pascal Noël
|
0-0: Called Strike 0-1: Ball 1-1: Ball 2-1: Foul Ball, location: 2F 2-2: Foul Ball, location: 2F 2-2: Foul Ball, location: 2F 2-2: Ball 3-2: Foul Ball, location: 2F 3-2: Ground out 5-3 (Groundball, 5, EV 80.0 MPH)
|
Pitching: RHP Gui Xú
|
|
Batting: RHB Larry Harlow
|
0-0: Fly out, F7 (Flyball, 7, EV 87.5 MPH)
|
Batting: SHB Pat Kidd
|
0-0: Called Strike 0-1: Foul Ball, location: 2F 0-2: SINGLE (Line Drive, 78S, EV 99.4 MPH)
|
Batting: RHB Carlos Maravilla
|
0-0: Ball 1-0: Ball 2-0: Foul Ball, location: 2F 2-1: Ball 3-1: Base on Balls Pat Kidd to second
|
Batting: LHB Jere Paatelainen
|
0-0: Called Strike 0-1: Called Strike 0-2: Ball 1-2: Strikes out swinging
|
Top of the 7th over - 0 runs, 1 hit, 0 errors, 2 left on base; University of Arizona 1 - University of Toronto 1 |
BOTTOM OF THE 7TH |
University of Toronto Marlies batting - Pitching for University of Arizona Wildcats : LHP Victor Silva
|
Batting: RHB Steve Campeau
|
0-0: Ball 1-0: Ball 2-0: Swinging Strike 2-1: Foul Ball, location: 2F 2-2: Strikes out looking
|
Batting: RHB Luke Stannard
|
0-0: Ball 1-0: Called Strike 1-1: Swinging Strike 1-2: Strikes out looking
|
Batting: SHB Jake Seymour
|
0-0: Ball 1-0: Ball 2-0: Ball 3-0: Base on Balls
|
Batting: RHB John Wilson
|
0-0: Ball 1-0: Called Strike 1-1: Swinging Strike 1-2: Ground out 5-3 (Groundball, 56S, EV 88.8 MPH)
|
Bottom of the 7th over - 0 runs, 0 hits, 0 errors, 1 left on base; University of Arizona 1 - University of Toronto 1 |
TOP OF THE 8TH |
University of Arizona Wildcats batting - Pitching for University of Toronto Marlies : RHP Gui Xú
|
Pitching: RHP Edwin Porter
|
|
Pinch Hitting: LHB Lihau Keawe
|
0-0: Swinging Strike 0-1: DOUBLE (Line Drive, 9LM, EV 105.0 MPH)
|
Batting: LHB Gerald Thornton
|
0-0: Swinging Strike 0-1: Ball 1-1: Swinging Strike 1-2: Strikes out swinging
|
Batting: RHB Ricardo Fernandez
|
0-0: Ball 1-0: Ball 2-0: SINGLE (Groundball, 56S, EV 72.5 MPH) (infield hit) Lihau Keawe to third
|
Batting: RHB Ron Dondale
|
0-0: Ball 1-0: Foul Ball, location: 2F 1-1: Ball 2-1: 3-RUN HOME RUN (Flyball, 78XD, EV 106.2 MPH), Distance : 410 ft
|
Pitching: LHP Nick Holt
|
|
Batting: LHB Pascal Noël
|
0-0: Foul Ball, location: 2F 0-1: Ball 1-1: Swinging Strike 1-2: SOLO HOME RUN (Line Drive, 89XD, EV 111.9 MPH), Distance : 417 ft
|
Batting: RHB Larry Harlow
|
0-0: Called Strike 0-1: Ball 1-1: Ball 2-1: Foul Ball, location: 2F 2-2: Strikes out swinging
|
Batting: SHB Pat Kidd
|
0-0: Called Strike 0-1: Ball 1-1: Ball 2-1: Ball 3-1: Swinging Strike 3-2: Foul Ball, location: 2F 3-2: SINGLE (Groundball, 34D, EV 96.2 MPH)
|
Batting: RHB Carlos Maravilla
|
0-0: Ball 1-0: Swinging Strike 1-1: Ball 2-1: Called Strike 2-2: Strikes out swinging
|
Top of the 8th over - 4 runs, 5 hits, 0 errors, 1 left on base; University of Arizona 5 - University of Toronto 1 |
BOTTOM OF THE 8TH |
University of Toronto Marlies batting - Pitching for University of Arizona Wildcats : LHP Victor Silva
|
Pitching: RHP Chris Obloy
|
|
Now at 1B: George Grace
|
|
Batting: RHB Charlie Townend
|
0-0: Ball 1-0: Called Strike 1-1: Foul Ball, location: 2F 1-2: Ball 2-2: Ball 3-2: Fly out, F6 (Popup, P, EV 79.4 MPH)
|
Batting: LHB Mitch Melton
|
0-0: Foul Ball, location: 2F 0-1: Swinging Strike 0-2: Ball 1-2: Ground out 4-3 (Groundball, 4, EV 86.2 MPH)
|
Batting: RHB Aaron Knight
|
0-0: Foul Ball, location: 2F 0-1: Foul Ball, location: 2F 0-2: Ball 1-2: Strikes out swinging
|
Bottom of the 8th over - 0 runs, 0 hits, 0 errors, 0 left on base; University of Arizona 5 - University of Toronto 1 |
TOP OF THE 9TH |
University of Arizona Wildcats batting - Pitching for University of Toronto Marlies : LHP Nick Holt
|
Pitching: RHP Mario Cumplido
|
|
Batting: LHB Jere Paatelainen
|
0-0: TRIPLE (Groundball, 3L, EV 103.1 MPH)
|
Batting: SHB George Grace
|
0-0: Fly out, F8 (Flyball, 8RXD, EV 103.8 MPH) Runner from 3rd tags up, SCORES, no throw by CF
|
Batting: LHB Gerald Thornton
|
0-0: Ball 1-0: Fly out, F7 (Line Drive, 78M, EV 100.0 MPH)
|
Batting: RHB Ricardo Fernandez
|
0-0: SINGLE (Line Drive, 34D, EV 95.0 MPH)
|
Batting: RHB Ron Dondale
|
0-0: 2-RUN HOME RUN (Flyball, 7D, EV 96.2 MPH), Distance : 375 ft
|
Batting: LHB Pascal Noël
|
0-0: Ball 1-0: Ball 2-0: Ball 3-0: Base on Balls
|
Batting: RHB Larry Harlow
|
0-0: Called Strike 0-1: Swinging Strike 0-2: Fielders Choice at 2nd, 6-4 (Groundball, 6, EV 81.2 MPH)
|
Top of the 9th over - 3 runs, 3 hits, 0 errors, 1 left on base; University of Arizona 8 - University of Toronto 1 |
BOTTOM OF THE 9TH |
University of Toronto Marlies batting - Pitching for University of Arizona Wildcats : RHP Chris Obloy
|
Batting: RHB Todd Maybury
|
0-0: Ball 1-0: Called Strike 1-1: Fly out, F7 (Flyball, 7LD, EV 88.8 MPH)
|
Batting: RHB Konrad van Pelt
|
0-0: Foul Ball, location: 2F 0-1: SINGLE (Line Drive, 9S, EV 105.6 MPH)
|
Pitching: LHP Matt Waterbury
|
|
Batting: RHB Steve Campeau
|
0-0: Called Strike 0-1: Called Strike 0-2: Foul Ball, location: 2F 0-2: Ball 1-2: Ball 2-2: Fielders Choice at 2nd, 3-6 (Groundball, 34S, EV 84.4 MPH)
|
Batting: RHB Luke Stannard
|
0-0: Foul Ball, location: 2F 0-1: Foul Ball, location: 2F 0-2: Foul Ball, location: 2F 0-2: Ball 1-2: Strikes out looking
|
Bottom of the 9th over - 0 runs, 1 hit, 0 errors, 1 left on base; University of Arizona 8 - University of Toronto 1 |
|